 Dungeon Crawl Stone Soup version 0.32-a0-799-g95e1662365 (webtiles) character file.

Game seed: 1762170454947282004

77 zenocrate the Digger (level 4, 0/27 HPs)
             Began as an Octopode Earth Elementalist on Mar 21, 2024.
             Slain by an adder (2 damage)
             ... on level 3 of the Dungeon.
             The game lasted 00:02:46 (1807 turns).

zenocrate the Digger (Octopode Earth Elementalist)  Turns: 1807, Time: 00:02:46

Health: 0/27       AC:  1    Str:  7    XL:     4   Next: 34%
Magic:  8/8        EV: 12    Int: 19    God:
Gold:   114        SH:  0    Dex: 12    Spells: 4/8 levels left

rFire   + . .        a - staff of earth
rCold   + . .        (no shield)
rNeg    . . .        (helmet restricted)
rPois   +            (no amulet)
rElec   +            d - ring of flight
rCorr   +            (no ring)
SInv    .            (no ring)
Will    .....        (no ring)
Stlth   +++          (no ring)
HPRegen 0.24/turn    (no ring)
MPRegen 0.11/turn    (no ring)
                     (no ring)

%: no passive effects
@: mighty, resistant, flying
A: almost no armour, amphibious, 8 rings, camouflage 1, gelatinous body 1,
(nimble swimmer 1), tentacles
a: Convert to Beogh


You were on level 3 of the Dungeon.
You visited 1 branch of the dungeon, and saw 3 of its levels.

You collected 114 gold pieces.

Inventory:

Magical Staves
 a - a staff of earth (weapon)
 r - a staff of cold
Jewellery
 d - a ring of flight (left tentacle)
Scrolls
 e - a scroll of enchant weapon {unknown}
 f - a scroll of fog {unknown}
 g - a scroll of teleportation {unknown}
 i - a scroll of vulnerability {unknown}
 j - a scroll of amnesia {unknown}
 l - a scroll of noise {unknown}
 m - a scroll of torment {unknown}
 n - a scroll of brand weapon {unknown}
 p - a scroll of blinking {unknown}
 q - a scroll of revelation {unknown}
 s - a scroll of identify
Potions
 b - a potion of might
 c - 2 potions of attraction
 h - 3 potions of brilliance
 o - a potion of haste {unknown}
 t - a potion of curing {unknown}
 v - a potion of magic


   Skills:
 - Level 2.0 Dodging
 - Level 2.6 Stealth
 + Level 2.7 Spellcasting
 + Level 2.1 Conjurations
 + Level 3.6 Earth Magic
 + Level 1.5 Evocations


You had 4 spell levels left.
You knew the following spells:

 Your Spells              Type           Power      Damage    Failure   Level
a - Sandblast             Erth           48%        2d12      3%          1
b - Stone Arrow           Conj/Erth      40%        3d9       14%         3

Your spell library contained the following spells:

 Spells                   Type           Power      Damage    Failure   Level
 Passwall                 Erth           24%        N/A       11%         3
 Brom's Barrelling Bould  Conj/Erth      20%        2d4       43%         4
 Petrify                  Alch/Erth      14%        N/A       58%         4
 Flame Wave               Conj/Fire      6%         2d5       69%         4
 Ignite Poison            Fire/Alch      2%         N/A       83%         4
 Sticky Flame             Fire/Alch      2%         2d4       83%         4
 Summon Blazeheart Golem  Fire/Summ      2%         N/A       83%         4


Dungeon Overview and Level Annotations

Branches:
Dungeon (3/15)

Altars:


Innate Abilities, Weirdness & Mutations

You cannot wear most types of armour.
You are amphibious.
You can wear up to eight rings at the same time.
Your skin changes colour to match your surroundings (Stealth+).
Your rubbery body absorbs attacks. (AC +1, EV +1)
((You are camouflaged when in or above water. (Stealth+)))
You have tentacles for arms and can constrict up to eight enemies at once.


Message History

The adder barely misses you. The adder bites you.
You hit the adder but do no damage. You squeeze the adder.
The adder is moderately wounded.
You constrict the adder. The adder closely misses you.
You hit the adder.
The adder is almost dead.
You constrict the adder!
You kill the adder!
A hobgoblin comes into view.
The hobgoblin shouts!
The orc priest shouts!
An orc comes into view. It is wielding a +0 war axe.
The orc shouts!
The orc shouts!
The adder hisses angrily.
You hit the orc priest. Your grab misses the orc priest.
The orc priest is lightly wounded.
The orc priest hits you with a +0 mace.
You barely miss the orc priest. Your grab misses the orc priest.
The orc priest is lightly wounded.
The hobgoblin hits you. The orc hits you with a +0 dagger.
The orc priest barely misses you.
The orc priest shouts, "Surrender to Beogh and we'll let you live!"
The orc priest shouts, "Beogh offers mercy even to people such as you.
Join us and be reborn!" (press Y on the ability menu to convert to Beogh)
You closely miss the orc priest. Your grab misses the orc priest.
The orc priest is lightly wounded.
The hobgoblin hits you. The orc hits you with a +0 dagger.
The orc priest barely misses you. The orc priest hits you with a +0 mace.
The hobgoblin closely misses you. The orc barely misses you.
Unknown command.
Okay, then.
You feel very mighty all of a sudden. The adder barely misses you.
The hobgoblin hits you. The orc priest hits you with a +0 mace!
* * * LOW HITPOINT WARNING * * *
Unknown command.
Unknown command.
It was a potion of resistance.
You feel protected. The adder bites you.
You die...

##########++
##.....#..... ###
##?...........
#.#####.....oo......
##.....#.....@o......
##...#........Sg......
##.†.....<.............
#......................
##......................
##................#.....
##...........#.#########
...#...........#
##...[....<....#


You could see an orc priest, an adder, 2 orcs and a hobgoblin.

Vanquished Creatures
  3 adders
  A dart slug (D:2)
  5 bats
  7 endoplasms
  4 giant cockroaches
  8 goblins
  A hobgoblin (D:2)
  2 kobolds
  3 quokkas (D:2)
  3 ball pythons
  2 frilled lizards (D:1)
  4 rats
43 creatures vanquished.

Notes
Turn   | Place    | Note
-------+----------+-------------------------------------------
     0 | D:1      | zenocrate the Octopode Earth Elementalist began the quest
                  | for the Orb.
     0 | D:1      | Reached XP level 1. HP: 11/11 MP: 3/3
   321 | D:1      | Reached XP level 2. HP: 17/17 MP: 3/5
   811 | D:2      | Reached XP level 3. HP: 21/21 MP: 6/6
   898 | D:2      | Learned a level 3 spell: Stone Arrow
   943 | D:2      | Reached skill level 1 in Evocations
  1061 | D:2      | Got the Tractate on Phlogiston
  1181 | D:2      | You are sucked into a shaft and drop 1 floor!
  1269 | D:2      | Reached XP level 4. HP: 21/27 MP: 6/8
  1747 | D:3      | Found a faded altar of an unknown god.
  1807 | D:3      | Slain by an adder

Illustrated notes

Levels and vault maps discovered:
D:1:      dpeg_arrival_fog, layout_loops_cross
D:2:      layout_loops_ring, columned_hall_lemuel
D:3:      kennysheep_big_flooded_room, layout_rooms, good_gods_mini_temple,
          ebering_ecumenical_altar_sacrificial, serial_bayou_crossing

Skill      XL: |  1  2  3 |
---------------+----------+-----
Evocations     | 1 |  1.5
Conjurations   | 2 |  2.1
Dodging        | |  2.0
Stealth        | |  2.6
Spellcasting   | |  2.7
Earth Magic    | |  3.6

Action                     |  1- 3 |  4- 6 || total
---------------------------+-------+-------++-------
  Melee: Staff             |    41 |    21 ||    62
         Tentacles         |    17 |     4 ||    21
         Constrict         |    16 |     5 ||    21
   Cast: Sandblast         |    10 |       ||    10
    Use: Scroll            |       |     3 ||     3
         Potion            |       |     2 ||     2
   Stab: Sleeping          |    11 |     2 ||    13
 Armour: Skin              |    14 |    21 ||    35
  Dodge: Dodged            |    16 |    16 ||    32

Table legend: (Time is in decaauts)
 A = Elapsed time spent in this place.
 B = Non-inter-level travel time spent in this place.
 C = Inter-level travel time spent in this place.
 D = Time resting spent in this place.
 E = Time spent auto-exploring this place.
 F = Levels seen in this place.
 G = Mean time per level.
                   A        B        C        D        E       F      G
               +--------+--------+--------+--------+--------+-----+--------+
         Total |   1823 |   1787 |     36 |      0 |   1438 |   3 |  607.7 |
       Dungeon |   1823 |   1787 |     36 |      0 |   1438 |   3 |  607.7 |
               +--------+--------+--------+--------+--------+-----+--------+

Top non-repeatable levels by time:
     D:2: 850 daAuts
     D:1: 710 daAuts
     D:3: 261 daAuts
